Map: Oiseau de foudre EC

Players

ShoWTimE

  • Race: Protoss Protoss
  • Spawn Location: 5:00

ShaDoWn - Winner!

  • Race: Protoss Protoss
  • Spawn Location: 11:00

Event: 2019 WCS Summer

VOD

Have the link to the VOD?

Description

Time

  • Played on: July 12, 2019, 9:16 a.m.
  • Length: 22:52

All games in this series

Show
View Real Time Build Order
Export as new Build Order

ShoWTimE Protoss 

Build Orders:  

Get SALT Encoding   

  12  0:00  Probe  
  13  0:12  Probe  
  14  0:17  Pylon  
  14  0:24  Probe  
  15  0:32  Probe  
  15  0:36  Gateway  
  15  0:40  Probe  
  16  0:45  Assimilator  
  17  0:51  Probe  
  17  0:54  Assimilator  
  18  0:59  Probe  
  19  1:07  Probe  
  19  1:11  Gateway  
  19  1:17  Probe  
  20  1:23  Cybernetics Core  
  21  1:29  Probe  
  22  1:34  Pylon  
  22  1:41  Probe  
  23  1:53  Pylon  
  23  1:59  Stalker, Warp Gate  
  25  2:04  Stalker  
  27  2:15  Robotics Facility  
  27  2:25  Shield Battery  
  27  2:29  Stalker  
  29  2:38  Stalker  
  31  2:50  Pylon  
  31  2:53  Immortal  
  35  3:14  Gateway  
  35  3:22  Pylon  
  35  3:23  Warp Prism  
  37  3:48  Stalker, Sentry  
  39  3:52  Pylon  
  39  3:53  Shield Battery  
  41  4:00  Observer  
  37  4:26  Sentry x3  
  43  4:40  Nexus  
  43  4:44  Immortal  
  43  4:50  Probe  
  46  5:02  Pylon  
  46  5:05  Adept  
  48  5:10  Adept  
  50  5:18  Adept  
  52  5:22  Probe  
  52  5:28  Pylon  
  53  5:34  Probe  
  54  5:38  Immortal  
  54  5:44  Observer  
  58  5:51  Probe  
  58  5:52  Probe  
  60  6:00  Probe  
  60  6:03  Probe  
  61  6:09  Probe  
  62  6:15  Probe  
  64  6:21  Probe  
  64  6:25  Probe  
  65  6:31  Immortal  
  70  6:33  Probe x2  
  72  6:41  Probe  
  72  6:45  Probe  
  74  6:49  Robotics Bay  
  74  6:53  Probe  
  75  6:55  Pylon  
  75  6:57  Assimilator  
  75  6:59  Assimilator  
  75  7:00  Probe  
  76  7:05  Probe  
  77  7:12  Probe  
  77  7:14  Stargate  
  76  7:24  Probe  
  76  7:25  Shield Battery x2  
  76  7:27  Pylon  
  76  7:29  Disruptor  
  75  7:37  Probe  
  75  7:44  Robotics Facility  
  75  7:45  Adept x3  
  75  7:49  Probe  
  82  7:54  Twilight Council  
  82  7:55  Gateway  
  82  7:58  Disruptor  
  82  8:02  Phoenix  
  82  8:05  Probe  
  88  8:13  Zealot x2  
  92  8:23  Pylon  
  92  8:24  Pylon  
  92  8:25  Probe x2  
  94  8:33  Disruptor  
  92  8:40  Stalker  
  94  8:43  Blink, Pylon  
  94  8:45  Disruptor  
  99  9:02  Pylon  
  99  9:07  Phoenix  
  99  9:09  Observer  
  102  9:11  Stalker  
  102  9:12  Stalker  
  106  9:23  Probe  
  106  9:24  Probe  
  108  9:27  Nexus  
  108  9:35  Probe  
  108  9:39  Phoenix  
  113  9:45  Zealot x2  
  113  9:49  Stalker  
  113  9:50  Stalker  
  120  9:53  Probe  
  120  10:04  Phoenix  
  120  10:09  Phoenix  
  120  10:10  Probe x2  
  119  10:19  Observer  
  119  10:21  Phoenix  
  116  10:26  Pylon  
  114  10:30  Pylon  
  114  10:34  Forge  
  116  10:35  Gateway  
  116  10:38  Gateway  
  116  10:43  Pylon  
  116  10:44  Phoenix, Pylon  
  116  10:45  Zealot  
  116  10:48  Shield Battery  
  119  11:00  Shield Battery x2  
  119  11:01  Zealot x2  
  123  11:09  Gateway  
  123  11:12  Phoenix  
  123  11:16  Pylon  
  123  11:17  Sentry  
  128  11:23  Zealot  
  128  11:24  Zealot  
  129  11:32  Zealot  
  131  11:33  Zealot  
  131  11:39  Charge  
  125  11:43  Zealot  
  107  11:47  Probe x2, Zealot  
  107  11:50  Probe  
  107  11:53  Protoss Ground Weapons Level 1  
  106  11:55  Probe x2  
  106  11:58  Probe  
  106  12:02  Colossus  
  106  12:03  Probe x2, Phoenix  
  106  12:08  Probe  
  118  12:15  Probe  
  118  12:16  Probe  
  118  12:20  Probe  
  121  12:27  Probe  
  121  12:28  Probe  
  119  12:32  Probe  
  119  12:36  Robotics Facility  
  120  12:38  Assimilator  
  120  12:39  Stalker x2  
  120  12:40  Probe x2  
  120  12:42  Assimilator  
  126  12:44  Probe  
  126  12:46  Photon Cannon  
  127  12:52  Probe  
  127  12:54  Templar Archives  
  127  12:56  Photon Cannon  
  128  13:01  Colossus  
  134  13:08  Probe x2  
  134  13:10  Probe  
  134  13:12  Colossus  
  140  13:30  High Templar x4  
  140  13:31  Photon Cannon  
  140  13:33  Pylon  
  148  13:34  Archon, Pylon  
  148  13:35  Archon  
  148  13:40  Probe x2  
  148  13:41  Probe  
  148  13:47  Colossus  
  147  13:52  Protoss Ground Weapons Level 2  
  147  14:00  Pylon  
  153  14:03  Nexus  
  153  14:09  Probe x2  
  153  14:10  Probe  
  151  14:17  Colossus  
  151  14:23  Phoenix  
  157  14:26  Stalker x3  
  163  14:37  Zealot x2  
  167  14:41  Phoenix, Gateway  
  169  14:45  Gateway  
  169  14:46  Observer  
  170  14:53  Pylon  
  170  14:55  Pylon  
  170  14:59  Probe x3  
  173  15:07  Stargate  
  173  15:10  Disruptor, Phoenix  
  178  15:16  Phoenix  
  178  15:19  Photon Cannon  
  178  15:21  Protoss Air Weapons Level 1  
  178  15:23  Assimilator  
  178  15:27  Assimilator  
  178  15:30  High Templar x2  
  178  15:34  Pylon  
  182  15:35  Archon, Phoenix  
  184  15:42  Pylon  
  184  15:51  Disruptor  
  184  15:53  Zealot x3  
  191  16:00  Phoenix  
  191  16:03  Zealot x2  
  195  16:04  Phoenix  
  196  16:12  Probe x3  
  196  16:16  Zealot x2  
  195  16:20  Probe  
  195  16:24  Probe x2  
  195  16:25  Probe, Phoenix  
  193  16:27  Zealot  
  193  16:29  Phoenix  
  189  16:41  Zealot x3  
  189  16:43  Probe  
  184  16:47  Probe  
  184  16:50  Phoenix  
  157  16:55  Phoenix  
  153  17:01  Zealot  
  153  17:03  Probe  
  150  17:13  Phoenix  
  146  17:15  High Templar  
  146  17:16  High Templar, Phoenix  
  146  17:21  Photon Cannon  
  154  17:23  Photon Cannon  
  154  17:24  Archon  
  154  17:26  Zealot  
  156  17:30  Phoenix  
  156  17:35  Phoenix  
  152  17:46  Zealot x3  
  152  17:47  Disruptor  
  114  17:56  Colossus  
  101  18:03  Shield Battery  
  107  18:07  High Templar  
  107  18:08  Zealot x3, High Templar  
  117  18:13  Archon  
  117  18:16  Shield Battery  
  117  18:21  Phoenix  
  117  18:24  Colossus  
  117  18:25  Nexus  
  117  18:26  Pylon  
  119  18:40  Phoenix  
  127  18:51  Colossus  
  127  18:52  Pylon  
  127  18:53  Phoenix  
  127  18:54  Zealot x4  
  143  19:18  High Templar x2  
  143  19:19  Zealot x4  
  143  19:20  Pylon  
  143  19:22  Photon Cannon  
  143  19:23  Archon, Phoenix  
  155  19:25  Probe x2  
  155  19:26  Probe  
  155  19:27  Phoenix  
  160  19:35  Pylon  
  160  19:40  Probe x3, Extended Thermal Lance  
  160  19:41  Probe  
  160  19:44  Probe  
  165  19:52  Probe  
  166  19:53  Colossus  
  166  19:56  Sentry  
  174  20:06  Zealot x2  
  174  20:07  Zealot  
  180  20:09  Phoenix  
  182  20:14  Shield Battery  
  182  20:18  Zealot x2  
  182  20:20  Phoenix  
  173  20:38  Zealot x3  
  173  20:39  Zealot  
  173  20:42  Observer  
  174  20:50  Zealot x2  
  169  21:01  Zealot x2  
  169  21:02  Zealot x2  
  144  21:12  Zealot x2  
  100  21:28  Zealot x4  
  108  21:34  Colossus  
  114  21:46  High Templar x2  
  118  21:48  High Templar x2  
  118  21:49  Zealot  
  118  21:50  Zealot  
  118  21:53  Archon x2  
  118  22:11  Stalker x2  
  122  22:16  Stalker x2  
  127  22:22  Probe  
  127  22:23  Probe x2  
Show
View Real Time Build Order
Export as new Build Order

ShaDoWn Protoss - Winner!

Build Orders: 1 Gate Expand, Chargelot Immortal 

Get SALT Encoding   

  12  0:00  Probe  
  13  0:12  Probe  
  14  0:17  Pylon  
  14  0:24  Probe  
  15  0:32  Probe  
  15  0:37  Gateway  
  15  0:40  Probe  
  16  0:46  Assimilator  
  17  0:51  Probe  
  18  1:03  Probe  
  19  1:15  Probe  
  20  1:24  Cybernetics Core  
  20  1:30  Nexus  
  20  1:34  Probe  
  21  1:40  Pylon  
  21  1:46  Probe  
  22  1:48  Assimilator  
  22  1:50  Stalker  
  22  1:58  Probe  
  25  2:02  Warp Gate  
  25  2:11  Probe  
  25  2:13  Stalker  
  28  2:23  Probe  
  28  2:24  Pylon  
  29  2:34  Robotics Facility  
  28  2:40  Stalker  
  30  2:44  Probe  
  32  2:58  Gateway  
  31  3:09  Immortal  
  31  3:11  Probe x2  
  33  3:16  Sentry  
  35  3:26  Gateway  
  39  3:32  Pylon  
  39  3:37  Immortal  
  39  3:52  Shield Battery  
  44  3:55  Probe  
  44  3:58  Sentry  
  47  4:07  Probe  
  47  4:09  Zealot, Warp Prism  
  51  4:23  Probe  
  50  4:28  Probe  
  50  4:29  Sentry  
  53  4:31  Pylon  
  53  4:37  Probe  
  54  4:49  Immortal  
  54  4:50  Pylon  
  55  4:58  Probe  
  55  4:59  Adept  
  61  5:09  Probe  
  61  5:13  Adept x2  
  66  5:14  Probe  
  66  5:17  Pylon  
  66  5:21  Probe  
  68  5:26  Probe  
  69  5:34  Probe  
  70  5:36  Adept x3  
  70  5:40  Pylon  
  76  5:44  Probe  
  76  5:47  Probe  
  73  5:59  Stargate  
  73  6:03  Probe  
  74  6:04  Pylon  
  74  6:15  Adept, Pylon  
  74  6:20  Probe  
  75  6:32  Probe  
  74  6:38  Probe  
  75  6:40  Probe  
  75  6:41  Phoenix  
  75  6:42  Assimilator  
  75  6:43  Assimilator  
  80  6:55  Forge  
  80  6:57  Twilight Council  
  80  7:00  Stalker x3  
  84  7:03  Shield Battery  
  84  7:05  Gateway  
  84  7:07  Gateway  
  80  7:10  Probe  
  80  7:13  Probe  
  80  7:22  Probe  
  81  7:25  Probe  
  81  7:28  Nexus  
  82  7:33  Protoss Ground Weapons Level 1  
  82  7:34  Probe  
  83  7:40  Probe  
  83  7:42  Charge, Pylon  
  84  7:47  Probe  
  86  7:55  Pylon  
  86  8:00  Probe, Pylon  
  86  8:07  Pylon  
  86  8:12  Pylon  
  85  8:13  Observer  
  85  8:20  Adept  
  85  8:21  Adept  
  85  8:26  Shield Battery  
  89  8:27  Shield Battery  
  89  8:33  Phoenix  
  85  8:45  Zealot x3, Gateway  
  91  8:48  Gateway  
  91  8:50  Phoenix  
  91  8:52  Probe  
  92  8:57  Zealot x2  
  98  9:07  Immortal, Phoenix  
  98  9:08  Probe  
  87  9:13  Zealot x3  
  99  9:23  Zealot x2  
  103  9:38  Zealot x3  
  109  9:46  Phoenix  
  109  9:47  Zealot x4  
  119  9:55  Probe  
  119  9:56  Probe  
  119  9:58  Probe  
  122  10:01  Protoss Ground Weapons Level 2  
  122  10:04  Warp Prism  
  122  10:06  Stargate  
  114  10:07  Probe  
  115  10:15  Probe  
  116  10:26  Pylon  
  119  10:31  Templar Archives  
  119  10:32  Zealot x3  
  119  10:33  Zealot  
  124  10:37  Zealot  
  124  10:42  Zealot x2  
  130  10:48  Pylon  
  130  10:52  Pylon  
  130  10:53  Probe  
  130  10:55  Phoenix  
  131  11:21  Zealot x7  
  145  11:25  Templar Archives  
  145  11:26  Phoenix  
  145  11:27  Assimilator  
  109  11:41  Probe  
  100  11:47  Immortal  
  100  11:50  Probe  
  93  11:57  Assimilator  
  93  11:58  Phoenix x2  
  89  12:02  High Templar  
  89  12:03  Zealot x5, High Templar  
  89  12:07  Probe x2  
  105  12:10  Archon  
  105  12:23  Phoenix x2  
  105  12:24  Nexus  
  109  12:39  Pylon  
  109  12:45  Phoenix  
  109  12:48  Phoenix  
  113  12:53  Immortal  
  113  12:55  Protoss Ground Weapons Level 3  
  117  13:00  High Templar x2  
  117  13:01  Zealot x2  
  125  13:15  Archon  
  125  13:19  Robotics Bay  
  121  13:23  Robotics Facility  
  121  13:31  Warp Prism  
  121  13:33  Zealot x5  
  129  13:50  High Templar x2  
  129  13:54  Gateway  
  129  13:55  Photon Cannon  
  133  13:56  Archon, Gateway  
  133  13:58  Gateway  
  133  14:01  High Templar x2  
  133  14:02  Zealot x2, Sentry  
  141  14:05  Disruptor  
  141  14:07  Disruptor, Archon  
  147  14:31  Disruptor  
  145  14:33  Probe  
  145  14:35  Disruptor, Probe  
  145  14:36  Probe x2  
  145  14:38  Photon Cannon  
  144  14:41  Probe  
  152  14:54  Probe  
  152  14:56  Assimilator  
  152  14:57  Assimilator, Probe  
  152  14:58  Probe  
  155  15:01  Disruptor, Photon Cannon  
  155  15:02  Photon Cannon  
  155  15:03  Disruptor  
  155  15:11  Zealot x3  
  167  15:14  Zealot  
  169  15:32  Disruptor  
  169  15:35  Pylon  
  169  15:36  Disruptor, Pylon  
  169  15:38  Dark Shrine  
  169  15:40  High Templar x2  
  179  15:44  Archon, Pylon  
  179  16:03  Zealot x8  
  171  16:08  Disruptor  
  174  16:12  Disruptor  
  174  16:13  Phoenix x2  
  155  16:38  Phoenix  
  152  16:41  Phoenix  
  152  16:44  Warp Prism  
  143  16:47  Disruptor  
  134  16:56  Zealot x6  
  143  17:02  Phoenix  
  143  17:03  Phoenix  
  135  17:17  High Templar x2  
  135  17:18  Zealot x5  
  135  17:19  Disruptor  
  135  17:22  Phoenix  
  154  17:23  Warp Prism  
  154  17:27  Archon  
  156  17:31  Phoenix  
  158  17:42  Zealot x5  
  158  17:43  Zealot  
  121  17:52  Zealot x3  
  119  17:59  Disruptor  
  122  18:06  Disruptor  
  125  18:15  Nexus  
  125  18:18  Phoenix x2  
  127  18:34  Disruptor  
  127  18:35  Phoenix  
  127  18:36  Phoenix  
  132  18:51  Phoenix  
  132  18:58  Phoenix  
  132  18:59  Probe, Pylon  
  133  19:08  Phoenix  
  133  19:09  Dark Templar x3  
  139  19:10  Dark Templar  
  139  19:15  Phoenix  
  145  19:25  Phoenix  
  145  19:28  Probe  
  145  19:29  Probe  
  145  19:30  Probe  
  146  19:32  Phoenix  
  148  19:41  Photon Cannon, Probe x3  
  153  19:46  Phoenix  
  153  19:56  Phoenix  
  155  20:04  Assimilator x2  
  155  20:11  Phoenix  
  155  20:21  Phoenix  
  155  20:26  Zealot x10  
  177  20:36  Phoenix  
  177  20:41  Warp Prism  
  177  20:46  Phoenix  
  177  20:48  Zealot, Dark Templar x3  
  177  20:49  Zealot x2  
  183  20:50  Zealot x2  
  169  21:01  Phoenix  
  169  21:03  Warp Prism  
  167  21:05  Probe  
  158  21:12  Zealot x3  
  158  21:13  Zealot x4  
  148  21:28  High Templar x3  
  154  21:33  Archon  
  154  21:36  Disruptor, Warp Prism  
  154  21:39  High Templar x4  
  165  21:44  Archon x2  
  165  21:48  Nexus  
  163  22:02  High Templar x4  
  163  22:03  Zealot x2  
  163  22:08  Archon x2  
  161  22:15  Pylon  
  161  22:25  Observer  
  147  22:41  High Templar x2  
  147  22:42  Zealot x8  
  164  22:46  Archon  
Tags
 
Add a new tag
Caveats
  • Supply blocks, unpowered buildings, or Contaminate may cause inaccurate times.
  • Supply counts are checked every 10 seconds.